 Dungeon Crawl Stone Soup version 0.30-a0-719-gcc4359ea44 (webtiles) character file.

Game seed: 16268644130762552080

292 Newt the Chucker (level 6, -3/48 HPs)
             Began as a Demonspawn Gladiator on Jan 26, 2023.
             Slain by an ogre
             ... wielding a +0 giant club
              (27 damage)
             ... on level 3 of the Dungeon.
             The game lasted 00:04:25 (4173 turns).

Newt the Chucker (Demonspawn Gladiator)             Turns: 4173, Time: 00:04:25

Health: -3/48      AC:  6    Str: 16    XL:     6   Next: 10%
Magic:  6/6        EV: 12    Int:  9    God:
Gold:   123        SH:  0    Dex: 15    Spells: 5/5 levels left

rFire   . . .      SeeInvis .    l - +2 dagger (elec)
rCold   . . .      Faith    .    (no shield)
rNeg    + . .      Spirit   .    b - +0 leather armour
rPois   .          Reflect  .    j - +2 helmet
rElec   .          Harm     .    f - scarf {+Inv}
rCorr   .          Rampage  .    (no gloves)
Will    .....                    (no boots)
Stlth   ++                       (no amulet)
HPRegen 0.28/turn                k - ring of flight
MPRegen 0.10/turn                m - ring of positive energy

@: flying
A: ignite blood 1, demonic magic 2
a: Evoke Invisibility


You were on level 3 of the Dungeon.
You visited 1 branch of the dungeon, and saw 4 of its levels.
You also visited: Sewer.

You collected 123 gold pieces.

Inventory:

Hand Weapons
 a - a +0 rapier
 l - a +2 dagger of electrocution (weapon)
Armour
 b - a +0 leather armour (worn)
 c - a +0 helmet
 f - a scarf of invisibility (worn)
 j - a +2 helmet (worn)
 n - a scarf of invisibility
Jewellery
 k - a ring of flight (left hand)
 m - a ring of positive energy (right hand)
Scrolls
 o - a scroll of vulnerability
 q - 2 scrolls of poison {unknown}
Potions
 g - 2 potions of might
 h - 2 potions of cancellation
 i - 5 potions of flight
 p - a potion of mutation
 r - a potion of heal wounds {unknown}
 s - a potion of curing


   Skills:
 - Level 4.0 Fighting
 - Level 2.6 Short Blades
 + Level 4.4 Throwing
 - Level 2.6 Dodging
 - Level 2.0 Stealth


You had 5 spell levels left.
You didn't know any spells.
Your spell library was empty.

Dungeon Overview and Level Annotations

Branches:
Dungeon (4/15)              Sewer (visited)
 Temple: D:4-7

Altars:
Hepliaklqana


Innate Abilities, Weirdness & Mutations

Your demonic aura sometimes causes spilled blood to erupt in flames.
Spells you cast may paralyse nearby enemies.


Message History

The hobgoblin hits you but does no damage.
There is a stone staircase leading up here.
You closely miss the hobgoblin.
The hobgoblin is heavily wounded.
You hit the hobgoblin but do no damage.
The hobgoblin is heavily wounded.
The hobgoblin barely misses you.
You closely miss the hobgoblin.
The hobgoblin is heavily wounded.
The hobgoblin hits you.
You hit the hobgoblin.
You kill the hobgoblin!
You hit the orc. Lightning courses through the orc!!
You kill the orc!
The ogre closely misses you.
You fly upwards.
There is a stone staircase leading down here.
You hit the ogre.
The ogre is lightly wounded.
You hit the ogre.
The ogre is lightly wounded.
The ogre hits you with a +0 giant club!!
Throw: javelin
Press: ? - help, Q - select action, (/) - cycle Shift-Dir - straight line, f - ogre
Aim: an ogre, wielding a +0 giant club (lightly wounded, 77% to hit)
You throw a javelin. The javelin pierces through the ogre!
The ogre is moderately wounded.
The ogre hits you with a +0 giant club!!
* * * LOW HITPOINT WARNING * * *
Blink to where?
Press: ? - help, Dir - move target, p - ogre
As you read the scroll of blinking, it crumbles to dust.
You start resting.
An ogre is nearby!
An ogre is nearby!
You see here a +0 whip.
It was a potion of curing.
You feel better.
The ogre hits you with a +0 giant club!!
Ouch! That really hurt!
You die...

#.# ############## #.# #.#
######## #.# #......####
#.## #########.....
####..##### ##≈≈≈## ######
#.........#####≈≈≈≈≈#
#.#.#.#.#..O.##≈≈≈≈≈#####
##.........##@##≈♣8♣≈#..<#
#..#.#.#)#.##.##♣...♣###.#
#..........##.##.._..# #.#
#..#.#.#.#.....#♣...♣# #.#
#..........##.###♣.♣# #.#
#..#.#.#.#.##.####'### #.#
#..........##........###.##
#......#.#.##..##.##.##...##
######.....##..##.##.#.#.#.#


You could see an ogre.

Vanquished Creatures
  3 gnolls (D:2)
  9 adders
  7 river rats (Sewer)
  4 worms
  3 dart slugs (D:1)
  4 orcs
  11 endoplasms
  5 giant cockroaches (Sewer)
  7 hobgoblins
  9 jackals
  2 quokkas
  10 ball pythons
  15 bats
  4 frilled lizards
  4 kobolds
  8 rats
105 creatures vanquished.

Vanquished Creatures (others)
  A plant (D:1)
1 creature vanquished.

Grand Total: 106 creatures vanquished

Notes
Turn   | Place    | Note
-------+----------+-------------------------------------------
     0 | D:1      | Newt the Demonspawn Gladiator began the quest for the Orb.
     0 | D:1      | Reached XP level 1. HP: 16/16 MP: 1/1
    25 | D:1      | Reached skill level 1 in Stealth
    41 | D:1      | Gained mutation: Your demonic aura sometimes causes spilled
                  | blood to erupt in flames. [demonic ancestry]
    41 | D:1      | Reached XP level 2. HP: 21/21 MP: 2/2
   565 | D:1      | Gained mutation: Spells you cast may paralyse adjacent
                  | enemies. [demonic ancestry]
   565 | D:1      | Reached XP level 3. HP: 22/28 MP: 3/3
  1023 | D:2      | Reached XP level 4. HP: 9/37 MP: 4/4
  1936 | D:3      | Found a glowing drain.
  1954 | Sewer    | Entered a sewer
  2108 | Sewer    | Reached XP level 5. HP: 34/42 MP: 5/5
  2554 | Sewer    | HP: 3/63 [river rat (3)]
  3586 | D:3      | Gained mutation: Spells you cast may paralyse nearby
                  | enemies. [demonic ancestry]
  3586 | D:3      | Reached XP level 6. HP: 46/48 MP: 6/6
  4003 | D:3      | Found a hazy altar of Hepliaklqana.
  4173 | D:3      | Slain by an ogre

Illustrated notes

Levels and vault maps discovered:
D:1:      dpeg_arrival_orchard, layout_basic, serial_bayou_pond_a
D:2:      layout_basic
D:3:      layout_loops_ring, worldfamousw_hep_ancestral_shrine,
          portal_sewer_entry_a, serial_glass, glass_columns_c, glass_columns_a,
          glass_columns_b, glass_columns_c, glass_columns_c, glass_columns_b,
          glass_columns_a, glass_columns_a, feat_on_display,
          minmay_strange_pillars
D:4:      layout_loops_ring, nicolae_overflow_hidden_temple, tso_oasis_becter,
          lemuel_coloured_pillars_altar, serial_shops, shop,
          hellmonk_ghost_happy_afterlife, kennysheep_doodads,
          minmay_starry_boxes, uniq_crazy_yiuf_cottage

Skill      XL: |  1  2  3  4  5 |
---------------+----------------+-----
Stealth        | 1 2 |  2.0
Fighting       | 3 4 |  4.0
Throwing       | 2 4 |  4.4
Short Blades   | |  2.6
Dodging        | |  2.6

Action                     |  1- 3 |  4- 6 || total
---------------------------+-------+-------++-------
  Melee: Rapier            |    70 |       ||    70
         Dagger            |    23 |   255 ||   278
         Punch             |       |     3 ||     3
  Throw: Throwing net      |     1 |     2 ||     3
         Javelin           |     1 |     1 ||     2
    Use: Scroll            |       |     8 ||     8
         Potion            |       |     3 ||     3
   Stab: Sleeping          |     5 |     3 ||     8
         Held in net/web   |       |     1 ||     1
 Armour: Leather armour    |    25 |    93 ||   118
         Skin              |       |     7 ||     7
  Dodge: Dodged            |    61 |   180 ||   241

Table legend: (Time is in decaauts)
 A = Elapsed time spent in this place.
 B = Non-inter-level travel time spent in this place.
 C = Inter-level travel time spent in this place.
 D = Time resting spent in this place.
 E = Time spent auto-exploring this place.
 F = Levels seen in this place.
 G = Mean time per level.
                   A        B        C        D        E       F      G
               +--------+--------+--------+--------+--------+-----+--------+
         Total |   4139 |   4052 |     87 |   1162 |   2136 |   5 |  827.8 |
       Dungeon |   2712 |   2625 |     87 |    319 |   1813 |   4 |  678.0 |
         Sewer |   1427 |   1427 |      0 |    843 |    323 |   1 | 1427.0 |
               +--------+--------+--------+--------+--------+-----+--------+

Top non-repeatable levels by time:
   Sewer: 1427 daAuts
     D:2: 1175 daAuts
     D:3: 777 daAuts
     D:1: 734 daAuts
     D:4: 25 daAuts
